Map: [ESL] Equilibrium

Players

Solar

  • Race: Zerg Zerg
  • Spawn Location: 1:00

Clem - Winner!

  • Race: Terran Terran
  • Spawn Location: 11:00

Event: ESL SC2 Masters 2023 Winter (Finals)

VOD

Have the link to the VOD?

Description

Time

  • Played on: Dec. 16, 2023, 5:43 p.m.
  • Length: 10:54

All games in this series

Show
View Real Time Build Order
Export as new Build Order

Solar Zerg 

Build Orders: Hatch First 

Get SALT Encoding   

  12  0:00  Drone  
  13  0:12  Overlord  
  13  0:17  Drone  
  14  0:30  Drone  
  14  0:31  Drone  
  16  0:48  Hatchery  
  15  0:51  Drone  
  15  0:54  Drone  
  17  0:58  Drone  
  18  1:08  Extractor  
  17  1:13  Spawning Pool  
  17  1:16  Drone  
  17  1:19  Drone  
  18  1:28  Drone  
  19  1:39  Drone  
  20  1:49  Drone  
  21  1:59  Queen  
  21  2:00  Zergling x4, Queen  
  28  2:15  Zergling x2  
  28  2:17  Hatchery  
  28  2:21  Overlord  
  27  2:23  Drone  
  28  2:32  Spore Crawler  
  28  2:39  Drone, Queen  
  28  2:43  Metabolic Boost  
  31  2:45  Drone  
  31  2:50  Overlord  
  32  2:54  Drone  
  32  2:56  Drone x2  
  35  2:59  Drone  
  36  3:09  Drone x2  
  38  3:15  Drone  
  38  3:16  Drone x3  
  38  3:19  Queen  
  44  3:26  Overlord  
  44  3:28  Queen  
  46  3:34  Queen  
  46  3:39  Drone x2  
  46  3:40  Overlord  
  50  3:46  Drone  
  50  3:48  Drone x3  
  54  3:53  Drone x3  
  57  3:57  Drone  
  57  3:58  Overlord  
  57  4:00  Drone x2  
  60  4:04  Drone, Overlord  
  60  4:06  Drone  
  62  4:11  Queen  
  62  4:14  Queen  
  66  4:19  Drone  
  66  4:20  Drone x3  
  66  4:23  Overlord  
  70  4:25  Overlord  
  70  4:27  Zergling x2  
  70  4:29  Overlord  
  71  4:32  Extractor  
  71  4:33  Overlord  
  71  4:35  Drone  
  71  4:36  Drone  
  72  4:40  Overlord  
  72  4:41  Drone x2  
  72  4:43  Spore Crawler  
  73  4:46  Drone x3  
  73  4:48  Queen  
  77  4:52  Queen  
  77  4:55  Zergling x6  
  77  4:58  Zergling x6  
  85  5:04  Drone x2  
  85  5:05  Evolution Chamber  
  85  5:06  Zergling x4, Evolution Chamber  
  87  5:07  Zergling x2  
  87  5:10  Overlord  
  87  5:11  Drone  
  89  5:20  Evolution Chamber  
  85  5:23  Drone  
  85  5:24  Drone x7  
  93  5:32  Zerg Melee Weapons Level 1  
  93  5:33  Zerg Ground Armor Level 1  
  93  5:34  Zergling x10  
  98  5:36  Overlord  
  98  5:37  Zergling x2  
  98  5:41  Lair  
  99  5:43  Extractor  
  99  5:44  Extractor  
  97  5:52  Hatchery  
  97  5:54  Drone x2  
  97  5:55  Drone, Baneling Nest  
  97  5:56  Drone  
  99  6:01  Drone x2  
  99  6:04  Drone x5  
  106  6:05  Extractor, Drone  
  106  6:06  Drone  
  106  6:08  Drone  
  106  6:11  Drone  
  105  6:17  Drone  
  103  6:19  Drone  
  103  6:20  Zergling x4  
  103  6:21  Zergling x2  
  103  6:25  Zergling x2  
  108  6:29  Overlord  
  108  6:32  Zergling x2  
  108  6:33  Zergling x2  
  109  6:43  Unknown, Drone x3  
  106  6:49  Drone x6, Centrifugal Hooks  
  106  6:50  Overlord  
  106  6:52  Zergling x4, Overseer  
  106  6:53  Baneling x8, Hatchery  
  106  6:54  Baneling x2  
  113  6:57  Drone  
  113  6:58  Zergling x2  
  113  6:59  Zergling x2  
  116  7:07  Zergling x8  
  120  7:14  Zergling x2  
  121  7:16  Zergling x6  
  114  7:23  Zergling x18  
  114  7:24  Queen  
  114  7:27  Zergling x2  
  122  7:30  Zerg Ground Armor Level 2  
  122  7:31  Zerg Melee Weapons Level 2  
  122  7:32  Drone x2  
  122  7:35  Drone  
  125  7:39  Drone  
  125  7:41  Hydralisk Den  
  125  7:42  Baneling x2  
  125  7:43  Overlord  
  126  7:44  Drone x2  
  126  7:47  Hatchery  
  126  7:48  Baneling x2  
  126  7:52  Zergling x2  
  126  7:59  Zergling x8  
  126  8:02  Pneumatized Carapace  
  126  8:05  Drone x2  
  131  8:07  Zergling x10  
  131  8:09  Extractor  
  135  8:13  Baneling  
  135  8:14  Hydralisk x5, Baneling x3  
  135  8:17  Queen  
  137  8:20  Overlord  
  137  8:21  Hydralisk  
  125  8:29  Hydralisk x6  
  125  8:33  Zergling x8  
  122  8:36  Hydralisk  
  122  8:38  Queen  
  122  8:40  Drone  
  122  8:41  Drone x2  
  121  8:42  Drone x2  
  121  8:45  Drone  
  123  8:48  Drone x2  
  123  8:51  Baneling  
  123  8:52  Overseer, Baneling x6  
  123  8:53  Drone  
  125  8:57  Overseer  
  125  8:59  Drone x4  
  125  9:01  Drone  
  127  9:06  Muscular Augments  
  127  9:08  Hydralisk x2, Baneling  
  131  9:10  Drone x4  
  131  9:11  Drone  
  131  9:13  Drone x2  
  131  9:14  Drone  
  137  9:17  Infestation Pit  
  137  9:19  Drone  
  137  9:21  Drone x2  
  137  9:22  Drone x2  
  139  9:25  Baneling x3  
  139  9:26  Baneling, Overlord x2  
  139  9:27  Overlord  
  139  9:29  Zergling x2  
  140  9:36  Zergling x12  
  142  9:46  Zergling x8  
  142  9:47  Zergling x2  
  142  9:56  Zergling x16  
  142  9:57  Overseer  
  142  9:59  Baneling x4  
  145  10:00  Overlord x2  
  145  10:01  Overlord  
  145  10:02  Overlord x3  
  145  10:04  Overlord  
  143  10:13  Overlord  
  139  10:18  Baneling  
  139  10:19  Hydralisk x6, Baneling x5  
  146  10:21  Zergling x2  
  146  10:22  Zergling x6  
  146  10:25  Zergling x2  
  146  10:27  Drone  
  151  10:32  Zergling x2  
  151  10:33  Zergling x20  
  151  10:35  Zergling x6  
Show
View Real Time Build Order
Export as new Build Order

Clem Terran - Winner!

Build Orders: Hellion Opening, Reaper Expand 

Get SALT Encoding   

  12  0:00  SCV  
  13  0:12  SCV  
  14  0:17  Supply Depot  
  14  0:25  SCV  
  15  0:38  SCV  
  15  0:41  Barracks  
  16  0:43  Refinery  
  16  0:50  SCV  
  17  1:02  SCV  
  18  1:14  SCV  
  19  1:27  Orbital Command, Reaper  
  20  1:38  Command Center  
  20  1:46  Supply Depot  
  20  1:53  SCV  
  21  1:59  Marine  
  22  2:08  SCV  
  23  2:11  Factory  
  23  2:20  SCV  
  23  2:22  Barracks Reactor  
  24  2:32  SCV  
  25  2:39  Command Center  
  25  2:44  SCV  
  25  2:50  Orbital Command  
  26  2:56  SCV  
  27  3:04  Starport  
  27  3:06  Refinery  
  27  3:08  SCV  
  27  3:11  Hellion  
  30  3:16  Hellion  
  30  3:18  SCV  
  33  3:20  SCV  
  34  3:32  SCV  
  34  3:33  Hellion, SCV  
  39  3:37  Hellion  
  39  3:40  Viking  
  42  3:44  SCV  
  42  3:45  Barracks Tech Lab  
  43  3:49  SCV  
  43  3:50  Orbital Command  
  43  3:55  Hellion  
  46  3:57  SCV  
  46  3:58  Hellion  
  49  4:03  Supply Depot, SCV  
  49  4:09  SCV  
  51  4:10  Medivac  
  51  4:13  Stimpack  
  51  4:14  Marine  
  51  4:15  SCV  
  51  4:16  SCV  
  56  4:21  SCV  
  57  4:25  Hellion  
  57  4:26  Hellion  
  57  4:27  Supply Depot  
  57  4:28  SCV  
  57  4:29  SCV  
  63  4:33  SCV  
  63  4:36  Marine  
  65  4:39  Barracks  
  65  4:40  Starport Reactor, SCV  
  65  4:42  Barracks  
  65  4:44  SCV  
  68  4:45  SCV  
  68  4:52  SCV  
  69  4:54  Marine  
  69  4:55  Orbital Command  
  69  4:56  Factory Reactor, Supply Depot, Engineering Bay x2  
  70  5:02  Refinery  
  70  5:03  SCV, Refinery  
  70  5:04  SCV  
  70  5:06  Supply Depot  
  72  5:15  SCV  
  72  5:16  SCV  
  72  5:17  Barracks, Marine  
  72  5:18  Barracks  
  75  5:23  SCV  
  75  5:27  Terran Infantry Weapons Level 1, Terran Infantry Armor Level 1, SCV  
  75  5:30  Supply Depot  
  75  5:34  Starport Reactor  
  75  5:35  SCV  
  78  5:38  SCV  
  78  5:40  SCV  
  78  5:41  Marine, Supply Depot  
  79  5:45  Widow Mine x2, Marine x2  
  79  5:47  SCV  
  79  5:48  Marine  
  79  5:49  Supply Depot, Marine  
  88  5:51  SCV  
  88  5:54  Supply Depot  
  88  5:56  SCV  
  90  5:59  SCV, Marine  
  90  6:03  Marine, SCV  
  94  6:07  Marine  
  94  6:08  SCV  
  95  6:11  Marine, SCV  
  95  6:14  Barracks Reactor x2  
  95  6:15  Widow Mine, SCV  
  95  6:16  Marine, Widow Mine  
  99  6:20  SCV  
  99  6:21  Supply Depot, Medivac x2  
  104  6:26  SCV  
  104  6:27  Factory, SCV  
  104  6:31  Refinery  
  106  6:34  Combat Shield, Marine  
  106  6:36  Armory, Marine x2  
  106  6:37  SCV  
  106  6:39  Marine  
  111  6:41  SCV x2  
  111  6:43  Marine  
  111  6:45  Supply Depot  
  114  6:49  SCV, Widow Mine x2  
  114  6:51  Marine  
  114  6:52  Marine, Supply Depot  
  121  6:54  Marine x2  
  121  6:55  Marine  
  121  6:56  Marine x2  
  126  7:01  Medivac x2  
  126  7:04  Marine x2  
  126  7:05  Supply Depot  
  132  7:09  Marine  
  132  7:12  Command Center  
  132  7:15  Widow Mine  
  135  7:16  Marine  
  135  7:17  Marine  
  135  7:19  Marine  
  135  7:25  Marine  
  135  7:27  Marine  
  137  7:31  Factory Tech Lab, Medivac  
  137  7:33  Barracks x3  
  138  7:37  Terran Infantry Weapons Level 2, Terran Infantry Armor Level 2  
  138  7:40  Marine  
  138  7:41  Marine  
  140  7:44  Widow Mine x2  
  140  7:48  Marine x2, Supply Depot  
  140  7:49  Marine  
  140  7:50  Drilling Claws  
  149  7:51  Widow Mine  
  149  7:54  Medivac  
  149  7:56  Marine x2  
  153  7:59  Marine  
  153  8:01  Marine  
  153  8:02  Marine  
  153  8:03  Marine  
  154  8:06  Widow Mine  
  154  8:10  Widow Mine, Marine x2  
  154  8:11  Marine  
  157  8:14  Marine  
  157  8:15  Widow Mine, Supply Depot  
  157  8:17  Supply Depot  
  157  8:19  Medivac  
  162  8:22  Marine  
  156  8:27  Widow Mine  
  156  8:31  Widow Mine, Marine  
  156  8:32  Barracks Tech Lab, Marine x3  
  156  8:33  Barracks Tech Lab x2  
  146  8:36  Widow Mine  
  143  8:43  Marine x4  
  143  8:44  Marine  
  143  8:48  Widow Mine, SCV x3  
  148  8:50  Marine  
  148  8:51  Marine x3  
  148  8:52  Marine  
  148  8:53  Widow Mine  
  148  8:54  Marine x2  
  147  8:58  Widow Mine  
  147  9:00  SCV x3  
  147  9:01  Marine x2  
  154  9:03  Sensor Tower, Marine  
  154  9:04  Marine  
  154  9:07  Liberator  
  154  9:08  Marine  
  161  9:10  Widow Mine  
  161  9:12  SCV x2, Marine x2  
  161  9:13  Marine x2  
  161  9:14  Widow Mine, SCV  
  161  9:15  Marine  
  165  9:17  Concussive Shells  
  165  9:19  Planetary Fortress  
  165  9:24  Widow Mine, Marine  
  167  9:25  Marine  
  167  9:26  Marine x2  
  167  9:28  Marine  
  167  9:30  Liberator  
  177  9:31  Widow Mine  
  177  9:33  Marine  
  177  9:34  Marine x2  
  177  9:35  Widow Mine, Marine  
  177  9:36  Marine  
  177  9:37  Marauder  
  178  9:39  Marine  
  178  9:42  Marine  
  178  9:43  Marine  
  176  9:45  Widow Mine  
  176  9:46  Marine  
  176  9:47  Marine  
  176  9:50  Marine  
  176  9:51  Marine  
  176  9:52  Marine x2  
  175  9:53  Widow Mine  
  175  9:54  Marine  
  175  9:55  Marine  
  175  9:56  Marine  
  175  9:57  Widow Mine  
  175  9:58  Marine  
  180  10:00  Marine  
  180  10:04  Command Center, Marine, Refinery x2  
  183  10:07  Widow Mine  
  183  10:12  Marine x2  
  183  10:13  Marine x2  
  187  10:14  Widow Mine  
  187  10:15  Marine  
  187  10:18  Widow Mine  
  182  10:21  Marine  
  182  10:22  Marauder  
  187  10:28  Widow Mine  
  187  10:29  Marauder x2  
Tags
 
Add a new tag
Caveats
  • Supply blocks, unpowered buildings, or Contaminate may cause inaccurate times.
  • Supply counts are checked every 10 seconds.